 Dungeon Crawl Stone Soup version 0.26-a0-854-gdc81c2f471 (console) character file.

Game seed: 8863820185528332493

92642 Ignak the Blocker (level 16, -6/123 HPs)
             Began as a Gnoll Enchanter on Nov 24, 2020.
             Was the Champion of Okawaru.
             Killed by mirror damage (16 damage)
             ... on level 13 of the Dungeon.
             The game lasted 02:10:57 (32244 turns).

Ignak the Blocker (Gnoll Enchanter)                Turns: 32244, Time: 02:10:58

Health: -6/123     AC: 26    Str: 24    XL:     16   Next: 6%
Magic:  24/31      EV: 37    Int: 13    God:    Okawaru [******]
Gold:   2389       SH:  9    Dex: 23    Spells: 10/38 levels left

rFire    . . .     SeeInvis .   a - +7 short sword {vorpal, rElec rF- Str+7}
rCold    . . .     Faith    .   P - +0 buckler
rNeg     . . .     Spirit   .   h - +0 acid dragon scales
rPois    .         Reflect  .   C - +2 hat
rElec    +         Harm     .   o - +1 cloak
rCorr    +         Rampage  .   I - +2 pair of gloves {Str+3}
MR       +++..                  O - +2 pair of boots of the Bard {rElec rF+ Str+3 Int-2}
Stlth    +++++.....             G - amulet of Kasideli {Acrobat rElec}
HPRegen  0.30/turn              r - +4 ring of protection
MPRegen  0.22/turn              d - ring of protection from magic

@: acrobat, studying Shields
A: distributed training, fangs 1, molten scales 1, dopey 1, magic resistance 1,
strong nose
a: Heroism, Finesse, Renounce Religion


You were on level 13 of the Dungeon.
You worshipped Okawaru.
Okawaru was exalted by your worship.
You visited 4 branches of the dungeon, and saw 22 of its levels.
You also visited: Sewer and Volcano.

You collected 2945 gold pieces.
You spent 556 gold pieces at shops.

Inventory:

Hand Weapons
 a - the +7 short sword "Axkuz" (weapon) {vorpal, rElec rF- Str+7}
   (Okawaru gifted it to you on level 6 of the Lair of Beasts)

   It inflicts extra damage upon your enemies.
   It affects your strength (+7).
   It makes you vulnerable to fire.
   It insulates you from electricity.
 b - the +9 war axe "Killer Klown's Bane" {freeze, Dex+4}
   (You found it on level 6 of the Lair of Beasts)

   It has been specially enchanted to freeze those struck by it, causing extra
   injury to most foes and up to half again as much damage against particularly
   susceptible opponents.
   It can also slow down cold-blooded creatures.
   It affects your dexterity (+4).
 f - the +8 demon trident "Dossid" {elec, rElec MR+}
   (Okawaru gifted it to you on level 12 of the Dungeon)

   Occasionally, upon striking a foe, it will discharge some electrical energy
   and cause terrible harm.
   It insulates you from electricity.
   It affects your resistance to hostile enchantments.
 x - a +0 rapier
Missiles
 H - 7 atropa-tipped darts (quivered)
Armour
 h - +0 acid dragon scales (worn)
 o - a +1 cloak (worn)
 y - the +0 animal skin "Reryasor" {Int+3 Slay+5}
   (Okawaru gifted it to you on level 1 of the Orcish Mines)

   It affects your intelligence (+3).
   It affects your accuracy and damage with ranged weapons and melee attacks
   (+5).
 C - a +2 hat (worn)
 I - a +2 pair of gloves of strength (worn)
 O - the +2 pair of boots of the Bard (worn) {rElec rF+ Str+3 Int-2}
   (You found it on level 12 of the Dungeon)

   It affects your strength (+3).
   It affects your intelligence (-2).
   It protects you from fire.
   It insulates you from electricity.
 P - a +0 buckler (worn)
 Q - a +2 troll leather armour
 X - a +1 pair of boots of running
Jewellery
 d - a ring of protection from magic (right hand)
 r - a +4 ring of protection (left hand)
 G - the amulet of Kasideli (around neck) {Acrobat rElec}
   (You found it on level 9 of the Dungeon)

   [amulet of the acrobat]

   It helps you evade while moving and waiting.
   It insulates you from electricity.
Wands
 i - a wand of paralysis (20)
 q - a wand of iceblast (20)
 u - a wand of polymorph (17)
 D - a wand of disintegration (22)
 F - a wand of flame (76)
 J - a wand of random effects (20)
 K - a wand of acid (6)
Scrolls
 g - 9 scrolls of teleportation
 j - 5 scrolls of amnesia
 l - 3 scrolls of magic mapping
 m - 9 scrolls of enchant weapon
 p - 9 scrolls of remove curse
 v - 3 scrolls of fear
 E - 2 scrolls of summoning
 L - 4 scrolls of identify
 N - 6 scrolls of fog
 S - 2 scrolls of blinking
 T - a scroll of enchant armour
Potions
 c - 4 potions of heal wounds
 e - a potion of might
 n - 3 potions of mutation
 t - 4 potions of magic
 w - 4 potions of brilliance
 z - 3 potions of ambrosia
 A - 5 potions of flight
 B - 5 potions of curing
 M - 2 potions of lignification
 R - 2 potions of haste
 V - 2 potions of invisibility
 W - a potion of berserk rage
 Y - 2 potions of resistance
Books
 s - a manual of Shields
Miscellaneous
 k - a box of beasts


   Skills:
 + Level 10.5 Fighting
 + Level 10.8 Short Blades
 + Level 10.5 Long Blades
 + Level 10.5 Axes
 + Level 10.5 Maces & Flails
 + Level 10.5 Polearms
 + Level 10.5 Staves
 + Level 10.5 Slings
 + Level 10.5 Bows
 + Level 10.5 Crossbows
 + Level 10.5 Throwing
 + Level 10.5 Armour
 + Level 11.3 Dodging
 + Level 11.9 Stealth
 + Level 14.0 Shields
 + Level 10.5 Unarmed Combat
 + Level 11.5 Spellcasting
 + Level 8.9 Conjurations
 + Level 10.4 Hexes
 + Level 8.9 Summonings
 + Level 8.9 Necromancy
 + Level 8.9 Translocations
 + Level 8.9 Transmutations
 + Level 8.9 Fire Magic
 + Level 8.9 Ice Magic
 + Level 8.9 Air Magic
 + Level 8.9 Earth Magic
 + Level 8.9 Poison Magic
 + Level 11.3 Invocations
 + Level 10.5 Evocations


You had 10 spell levels left.
You knew the following spells:

 Your Spells              Type           Power        Failure   Level
a - Ensorcelled Hibernat  Hex/Ice        ####..       1%          2
b - Confusing Touch       Hex            ####....     1%          3
c - Sticky Flame          Conj/Fire      ####....     3%          4
d - Tukima's Dance        Hex            ####....     1%          3
e - Frozen Ramparts       Ice            ####..       1%          3
f - Fireball              Conj/Fire      ####......   9%          5
g - Searing Ray           Conj           ####..       1%          2
q - Ozocubu's Armour      Ice            ####....     1%          3
z - Dazzling Flash        Conj/Hex       ####..       1%          3

Your spell library contained the following spells:

 Spells                   Type           Power        Failure   Level
 Animate Skeleton         Necr           ####..       1%          1
 Apportation              Tloc           ####..       1%          1
 Beastly Appendage        Tmut           ####..       1%          1
 Corona                   Hex            ####...      1%          1
 Foxfire                  Conj/Fire      ####         1%          1
 Freeze                   Ice            ####         1%          1
 Magic Dart               Conj           ####         1%          1
 Sting                    Tmut/Pois      ####         1%          1
 Summon Small Mammal      Summ           ####         1%          1
 Slow                     Hex            ####....     1%          2
 Wereblood                Tmut           ####....     1%          2
 Conjure Flame            Conj/Fire      ####....     1%          3
 Inner Flame              Hex/Fire       ####....     1%          3
 Portal Projectile        Hex/Tloc       ####..       1%          3
 Spider Form              Tmut/Pois      ####......   1%          3
 Cause Fear               Hex            ####......   1%          4
 Fulminant Prism          Conj/Hex       ####......   2%          4
 Leda's Liquefaction      Hex/Erth       ####......   2%          4
 Hailstorm                Conj/Ice       ####....     3%          4
 Ice Form                 Ice/Tmut       ####....     3%          4
 Iskenderun's Mystic Bla  Conj/Tloc      ####....     3%          4
 Summon Ice Beast         Ice/Summ       ####....     3%          4
 Blade Hands              Tmut           ####......   9%          5
 Bolt of Magma            Conj/Fire/Erth ####......   9%          5
 Iskenderun's Battlesphe  Conj           ####....     9%          5
 Iron Shot                Conj/Erth      ####......   41%         6
 Orb of Destruction       Conj           ####......   94%         7
 Spellforged Servitor     Conj/Summ      ####......   94%         7


Dungeon Overview and Level Annotations

Branches:
Dungeon (13/15)            Temple (1/1) D:6            Lair (6/6) D:10
 Shoals (0/4) Lair:2        Snake (0/4) Lair:2        Slime (0/5) Lair:5
    Orc (2/2) D:12            Elf (0/3) Orc:2         Sewer (visited)
Volcano (visited)
 Vaults: D:13-14

Altars:
Ashenzari
Cheibriados
Dithmenos
Elyvilon
Fedhas
Gozag
Hepliaklqana
Kikubaaqudgha
Makhleb
Nemelex Xobeh
Okawaru
Qazlal
Ru
Sif Muna
Trog
Uskayaw
Vehumet
Wu Jian
Xom
Yredelemnul
Zin
The Shining One
Jiyva

Shops:
D:4 }!   D:8 ?   D:13 ?(   Orc:2 !}[*


Innate Abilities, Weirdness & Mutations

Your experience applies equally to all skills.
You have very sharp teeth.
Your uncanny sense of smell can sniff out nearby items.
You are partially covered in molten scales. (AC +2)
You are dopey. (Int -2)
You are resistant to hostile enchantments. (MR+)


Message History

You catch the helpless death knight completely off-guard!
You skewer the death knight like a kebab!!!
You bite the death knight.
The death knight is heavily wounded.
The death knight reflects your damage back at you!
* * * LOW HITPOINT WARNING * * *
You hit the death knight.
You bite the death knight, but do no damage.
The death knight is heavily wounded.
The death knight reflects your damage back at you!
* * * LOW HITPOINT WARNING * * *
Okay, then.
Your icy armour cracks and falls away as you move.
Evoke which item? (* to show all) (? for menu, Esc to quit)
Aiming: Disintegrate
Press: ? - help, Shift-Dir - straight line, f - death knight
Aim: a death knight, wielding a +4 glaive of pain and wearing a +0 chain mail (heavily wounded, reflecting injuries, confused, chance to defeat MR: 49%)
The death knight is blasted!!
The death knight reflects your damage back at you!
You die...

##. .### ....l......
##............#..........
###.(##$........#.......#..
#.....#.................#..
#.......................[.
###.(......................
#####....................c.....
#.....##...................(<..
###.###.##..##..@# ..........†.
#............p..## W...........
#.######........# ............
#.#..).'..⌠P....# #...........
#.#....#......#..### #.>.........
#.#....#####.##....# #...........
#.#....#...#.#..#..# #...........
#.###..'...#.#..#..###.........>#
#.#....#...#.#......##.(........#


You could see a death knight (reflects damage, confused).

Vanquished Creatures
  An orc warlord (D:12)
  3 boulder beetles
  An ice dragon (Lair:6)
  12 hydras
  A catoblepas (Lair:5)
  Erica (D:8)
  2 anacondas (Lair:5)
  An ogre mage (Volcano)
  5 two-headed ogres
  6 orc high priests (Orc:2)
  Sonja (Lair:1)
  A hell knight (Volcano)
  11 orc knights
  A necromancer (D:13)
  A lindwurm (Lair:6)
  A deep elf mage (D:13)
  2 ugly things (D:11)
  5 orc sorcerers
  7 oklob plants
  2 manticores
  7 black mambas
  A cyclops (Orc:2)
  Maurice (Orc:2)
  5 torpor snails (Lair:6)
  An elephant (Lair:2)
  Psyche (D:9)
  A gargoyle (D:12)
  5 cane toads
  Maggie (D:6)
  A rime drake (Lair:1)
  10 komodo dragons
  3 freezing wraiths (D:13)
  The ghost of PanSaczeczos the Stinger, a novice GrVM of Ashenzari (D:4)
  14 polar bears
  3 trolls
  10 hornets
  A queen bee (Lair:2)
  4 tyrant leeches (Lair:6)
  4 raiju (Lair:6)
  5 blink frogs (Lair:2)
  3 slime creatures (D:12)
  3 wraiths
  6 wyverns
  58 yaks
  7 fire bats (Volcano)
  A steam dragon (Lair:2)
  8 basilisks
  Grum (D:8)
  8 vampire mosquitoes
  A human (D:7)
  7 wargs
  An insubstantial wisp (Lair:2)
  3 nagas (Lair:2)
  26 water moccasins
  12 hell hounds (Lair:6)
  Duvessa (D:6)
  42 orc warriors
  3 sky beasts
  2 hornet zombies (D:6)
  3 phantoms
  3 necrophages
  An ice beast (D:9)
  10 ogres
  22 wolves
  13 black bears
  9 centaurs
  5 big kobolds
  Blork the orc (D:6)
  18 bullfrogs
  A wyvern skeleton (D:13)
  4 scorpions
  Dowan (D:6)
  41 killer bees
  An oklob sapling (D:11)
  16 wights
  2 electric eels
  7 lava snakes (Volcano)
  A crimson imp (D:9)
  A bullfrog zombie (D:5)
  4 centaur zombies
  5 jellies
  A quasit (D:4)
  8 hounds
  2 gnoll shamans
  25 orc priests
  2 centaur skeletons
  4 bullfrog skeletons
  16 iguanas
  6 hell rats (Lair:6)
  21 orc wizards
  5 yak simulacra (D:13)
  4 polar bear simulacra (D:13)
  7 worker ants
  A killer bee zombie (D:10)
  A wolf simulacrum (D:13)
  A hound zombie (D:6)
  A hound skeleton (D:4)
  A howler monkey zombie (D:9)
  21 adders
  20 gnolls
  5 oozes
  2 adder skeletons (D:4)
  6 worms
  3 dart slugs
  15 leopard geckos
  72 orcs
  2 bat zombies (D:2)
  8 giant cockroaches
  10 goblins
  11 hobgoblins
  18 jackals
  3 quokkas
  8 ball pythons
  9 bats
  12 frilled lizards
  33 kobolds
  8 rats
  A river rat simulacrum (D:13)
  A butterfly (D:6)
880 creatures vanquished.

Vanquished Creatures (collateral kills)
  A two-headed ogre (D:6)
  An ogre (D:9)
2 creatures vanquished.

Vanquished Creatures (others)
  6 dancing weapons
  A vampire mosquito (Lair:2)
  A hell hound (Lair:6)
  An orc priest (D:12)
  A giant cockroach (D:5)
  30 fungi
  75 plants
115 creatures vanquished.

Grand Total: 997 creatures vanquished

Notes
Turn   | Place    | Note
-------+----------+-------------------------------------------
     0 | D:1      | Ignak the Gnoll Enchanter began the quest for the Orb.
     0 | D:1      | Reached XP level 1. HP: 13/13 MP: 6/6
   197 | D:1      | Reached XP level 2. HP: 19/19 MP: 7/7
   362 | D:1      | Learned a level 2 spell: Ensorcelled Hibernation
   633 | D:1      | Reached XP level 3. HP: 25/25 MP: 6/9
   637 | D:1      | Reached skill level 5 in Spellcasting
   978 | D:1      | Reached skill level 1 in Invocations
  1532 | D:1      | Reached skill level 1 in Fighting
  1532 | D:1      | Reached skill level 1 in Long Blades
  1532 | D:1      | Reached skill level 1 in Axes
  1532 | D:1      | Reached skill level 1 in Maces & Flails
  1532 | D:1      | Reached skill level 1 in Polearms
  1532 | D:1      | Reached skill level 1 in Staves
  1532 | D:1      | Reached skill level 1 in Slings
  1532 | D:1      | Reached skill level 1 in Bows
  1532 | D:1      | Reached skill level 1 in Crossbows
  1532 | D:1      | Reached skill level 1 in Throwing
  1532 | D:1      | Reached skill level 1 in Armour
  1532 | D:1      | Reached skill level 1 in Shields
  1532 | D:1      | Reached skill level 1 in Unarmed Combat
  1532 | D:1      | Reached skill level 1 in Evocations
  1791 | D:2      | Reached XP level 4. HP: 32/32 MP: 6/11
  2070 | D:2      | Found a hazy altar of Hepliaklqana.
  2115 | D:2      | Reached skill level 1 in Conjurations
  2115 | D:2      | Reached skill level 1 in Summonings
  2115 | D:2      | Reached skill level 1 in Necromancy
  2115 | D:2      | Reached skill level 1 in Translocations
  2115 | D:2      | Reached skill level 1 in Transmutations
  2115 | D:2      | Reached skill level 1 in Fire Magic
  2115 | D:2      | Reached skill level 1 in Ice Magic
  2115 | D:2      | Reached skill level 1 in Air Magic
  2115 | D:2      | Reached skill level 1 in Earth Magic
  2115 | D:2      | Reached skill level 1 in Poison Magic
  2249 | D:2      | Found an ancient bone altar of Kikubaaqudgha.
  2979 | D:3      | Reached XP level 5. HP: 35/37 MP: 12/12
  3269 | D:3      | Learned a level 3 spell: Confusing Touch
  3273 | D:3      | Learned a level 3 spell: Dazzling Flash
  3277 | D:3      | Learned a level 3 spell: Tukima's Dance
  3896 | D:4      | Found a transporter.
  3904 | D:4      | Identified the +1 spear of Eternal Night {elec, Str+2
                  | Dex+3}
  4140 | D:4      | Found Qiveqyla's Gadget Emporium.
  4155 | D:4      | Found Nenuakk's Distillery.
  4163 | D:4      | Bought a potion of mutation for 104 gold pieces
  4163 | D:4      | Gained mutation: Your body sometimes deteriorates upon
                  | taking damage. [potion of mutation]
  4163 | D:4      | Gained mutation: You are dopey. (Int -2) [potion of
                  | mutation]
  4163 | D:4      | Gained mutation: You have sharp toenails. [potion of
                  | mutation]
  4217 | D:4      | Lost mutation: Your body sometimes deteriorates upon taking
                  | damage. [potion of mutation]
  4217 | D:4      | Lost mutation: You have sharp toenails. [potion of
                  | mutation]
  4217 | D:4      | Gained mutation: You are partially covered in molten
                  | scales. (AC +2) [potion of mutation]
  4217 | D:4      | Gained mutation: You are resistant to hostile enchantments.
                  | (MR+) [potion of mutation]
  4226 | D:4      | Found a broken altar of Ashenzari.
  4256 | D:4      | Reached XP level 6. HP: 44/44 MP: 13/13
  4410 | D:4      | Found a bloodstained altar of Trog.
  4433 | D:4      | Found a transporter.
  4447 | D:4      | Noticed PanSaczeczos's ghost (novice GrVM)
  4519 | D:5      | Entered Level 5 of the Dungeon
  4529 | D:5      | Found a radiant altar of Vehumet.
  4594 | D:5      | Found a glowing drain.
  4598 | Sewer    | Entered a sewer
  4706 | Sewer    | Noticed a water moccasin
  4763 | Sewer    | Killed a water moccasin
  4764 | Sewer    | Reached skill level 5 in Dodging
  4764 | Sewer    | Reached skill level 2 in Shields
  4890 | D:4      | Reached XP level 7. HP: 50/50 MP: 10/15
  5087 | D:4      | Found a sacrificial altar of Ru.
  5089 | D:4      | Found an ornate altar of the Wu Jian Council.
  5089 | D:4      | Found an ornate altar of the Wu Jian Council.
  5091 | D:4      | Found a shimmering altar of Xom.
  5091 | D:4      | Found an opulent altar of Gozag.
  5091 | D:4      | Found an iron altar of Okawaru.
  5369 | D:5      | Learned a level 4 spell: Sticky Flame
  5429 | D:5      | Found an opulent altar of Gozag.
  5431 | D:5      | Found a basalt altar of Yredelemnul.
  5437 | D:5      | Found a shimmering blue altar of Sif Muna.
  6024 | D:5      | Reached skill level 3 in Shields
  6297 | D:6      | Reached XP level 8. HP: 25/57 MP: 9/16
  6728 | D:6      | Noticed a two-headed ogre
  7110 | D:6      | Found a staircase to the Ecumenical Temple.
  7119 | Temple   | Entered the Ecumenical Temple
  7292 | D:6      | Noticed Maggie
  7308 | D:6      | Killed Maggie
  7309 | D:6      | Reached skill level 4 in Shields
  7829 | D:6      | Noticed Blork the orc
  7833 | D:6      | Noticed Duvessa
  7835 | D:6      | Killed Blork the orc
  7839 | D:6      | Noticed Dowan
  7991 | D:6      | Killed Dowan
  8298 | D:6      | Killed Duvessa
  8299 | D:6      | Reached XP level 9. HP: 62/65 MP: 14/18
  8319 | D:6      | Killed a two-headed ogre
  8320 | D:6      | Reached skill level 5 in Shields
  8634 | D:6      | Reached skill level 5 in Short Blades
  9360 | D:7      | Found an opulent altar of Gozag.
  9474 | D:7      | Reached skill level 6 in Shields
  9474 | D:7      | Reached skill level 5 in Invocations
  9499 | D:7      | Found an iron altar of Okawaru.
  9507 | D:7      | Became a worshipper of Warmaster Okawaru
  9688 | D:8      | Noticed a hornet
  9759 | D:7      | Killed a hornet
  9770 | D:7      | Reached XP level 10. HP: 47/73 MP: 10/20
 10101 | D:8      | Reached * piety under Okawaru
 10360 | D:8      | Noticed Erica
 10641 | D:8      | Killed Erica
 10642 | D:8      | Reached skill level 5 in Fighting
 10642 | D:8      | Reached skill level 5 in Long Blades
 10642 | D:8      | Reached skill level 5 in Axes
 10642 | D:8      | Reached skill level 5 in Maces & Flails
 10642 | D:8      | Reached skill level 5 in Polearms
 10642 | D:8      | Reached skill level 5 in Staves
 10642 | D:8      | Reached skill level 5 in Slings
 10642 | D:8      | Reached skill level 5 in Bows
 10642 | D:8      | Reached skill level 5 in Crossbows
 10642 | D:8      | Reached skill level 5 in Throwing
 10642 | D:8      | Reached skill level 5 in Armour
 10642 | D:8      | Reached skill level 5 in Unarmed Combat
 10642 | D:8      | Reached skill level 5 in Evocations
 10742 | D:8      | Noticed a two-headed ogre
 10748 | D:8      | Noticed Grum
 10749 | D:8      | Reached skill level 7 in Shields
 10773 | D:8      | Killed a two-headed ogre
 10773 | D:8      | Reached ** piety under Okawaru
 10805 | D:8      | Killed Grum
 11193 | D:8      | Found Tawiuw's Magic Scroll Shop.
 11217 | D:8      | Bought a scroll of enchant weapon for 82 gold pieces
 11428 | D:9      | Reached *** piety under Okawaru
 11616 | D:9      | Noticed Psyche
 11626 | D:9      | Killed Psyche
 11630 | D:9      | Reached XP level 11. HP: 81/81 MP: 6/22
 11688 | D:9      | Reached skill level 8 in Shields
 11707 | D:9      | Got a smoking pewter amulet
 11824 | D:9      | Identified the amulet of Kasideli {Acrobat rElec} (You
                  | found it on level 9 of the Dungeon)
 12081 | D:9      | Reached skill level 5 in Conjurations
 12081 | D:9      | Reached skill level 5 in Summonings
 12081 | D:9      | Reached skill level 5 in Necromancy
 12081 | D:9      | Reached skill level 5 in Translocations
 12081 | D:9      | Reached skill level 5 in Transmutations
 12081 | D:9      | Reached skill level 5 in Fire Magic
 12081 | D:9      | Reached skill level 5 in Ice Magic
 12081 | D:9      | Reached skill level 5 in Air Magic
 12081 | D:9      | Reached skill level 5 in Earth Magic
 12081 | D:9      | Reached skill level 5 in Poison Magic
 12120 | D:9      | Reached **** piety under Okawaru
 12397 | D:9      | Found a burning altar of Makhleb.
 12398 | D:9      | Found a shimmering altar of Xom.
 12420 | D:9      | Found a snail-covered altar of Cheibriados.
 12545 | D:10     | Entered Level 10 of the Dungeon
 12545 | D:10     | Noticed a manticore
 12669 | D:9      | Killed a manticore
 12777 | D:10     | Learned a level 3 spell: Frozen Ramparts
 13031 | D:10     | Received a gift from Okawaru
 13092 | D:10     | Learned a level 3 spell: Ozocubu's Armour
 13268 | D:10     | Found a staircase to the Lair.
 13802 | D:11     | Noticed an oklob plant
 13840 | D:11     | Noticed a boulder beetle
 13849 | D:11     | Reached ***** piety under Okawaru
 14060 | D:10     | Killed a boulder beetle
 14060 | D:10     | Received a gift from Okawaru
 14061 | D:10     | Reached skill level 9 in Shields
 14547 | D:11     | Learned a level 5 spell: Fireball
 14775 | D:11     | Killed an oklob plant
 14881 | D:11     | Identified the Compendium of Nature
 15436 | D:11     | Noticed a cyan ugly thing
 15441 | D:11     | Killed a cyan ugly thing
 15442 | D:11     | Reached XP level 12. HP: 89/89 MP: 19/24
 15725 | D:4      | Killed PanSaczeczos's ghost
 16109 | D:12     | Noticed a six-headed hydra
 16110 | D:12     | Killed a six-headed hydra
 16123 | D:12     | Noticed an eight-headed hydra
 16154 | D:11     | Received a gift from Okawaru
 16157 | D:11     | Killed an eight-headed hydra
 16157 | D:11     | Received a gift from Okawaru
 16253 | D:12     | Got a pair of brightly glowing boots
 16266 | D:11     | Identified the +2 pair of boots of the Bard {rElec rF+
                  | Str+3 Int-2} (You found it on level 12 of the Dungeon)
 16397 | D:12     | Found a shadowy altar of Dithmenos.
 16498 | D:11     | HP: 4/91 [white ugly thing (35)]
 16513 | D:11     | HP: 4/91 [white ugly thing (27)]
 16524 | D:11     | Reached skill level 10 in Shields
 17134 | D:12     | Received a gift from Okawaru
 17442 | D:12     | Found a staircase to the Orcish Mines.
 17866 | Orc:1    | Entered Level 1 of the Orcish Mines
 17866 | Orc:1    | Noticed an orc warlord
 17868 | Orc:1    | Noticed a soul eater
 17903 | D:12     | Received a gift from Okawaru
 17904 | D:12     | Got an ancient demon trident {god gift}
 17935 | D:12     | Killed an orc warlord
 18044 | D:12     | Identified the +8 demon trident "Dossid" {elec, rElec MR+}
                  | (Okawaru gifted it to you on level 12 of the Dungeon)
 18299 | Orc:2    | Entered Level 2 of the Orcish Mines
 18333 | Orc:1    | Reached XP level 13. HP: 83/98 MP: 21/26
 18523 | Orc:1    | Received a gift from Okawaru
 18526 | Orc:1    | Got an encrusted animal skin {god gift}
 18534 | Orc:1    | Identified the +0 animal skin "Reryasor" {Int+3 Slay+5}
                  | (Okawaru gifted it to you on level 1 of the Orcish Mines)
 18632 | Orc:1    | Reached skill level 10 in Stealth
 19120 | Orc:1    | Reached skill level 11 in Shields
 19759 | Orc:2    | Noticed Maurice
 19768 | Orc:2    | Killed Maurice
 20184 | Orc:2    | Found a staircase to the Elven Halls.
 21821 | Orc:2    | Received a gift from Okawaru
 21985 | Orc:2    | Received a gift from Okawaru
 21986 | Orc:2    | Reached skill level 10 in Spellcasting
 22175 | Orc:2    | Reached ****** piety under Okawaru
 22204 | Orc:2    | Found Oroff's General Store.
 22204 | Orc:2    | Found Tyetiar's Distillery.
 22205 | Orc:2    | Found Mumpo's Armour Shoppe.
 22205 | Orc:2    | Found Ymmocky's Gadget Emporium.
 22417 | D:8      | Bought a scroll of teleportation for 33 gold pieces
 22419 | D:8      | Bought a scroll of magic mapping for 38 gold pieces
 22668 | Lair:1   | Entered Level 1 of the Lair of Beasts
 22682 | Lair:1   | Found a broken altar of Ashenzari.
 22745 | Lair:1   | Noticed Sonja
 22749 | Lair:1   | Killed Sonja
 22798 | Lair:1   | Reached XP level 14. HP: 104/106 MP: 20/28
 22947 | Lair:1   | Reached skill level 10 in Dodging
 22950 | Lair:1   | Reached skill level 12 in Shields
 23719 | Lair:1   | Received a gift from Okawaru
 23910 | Lair:2   | Found a staircase to the Snake Pit.
 24267 | Lair:2   | Reached skill level 10 in Invocations
 24269 | Lair:2   | Received a gift from Okawaru
 24272 | Lair:2   | Got a crystal spear {god gift}
 24273 | Lair:2   | Identified the +7 spear of Annoyance {freeze, MP-9 Str+6}
                  | (Okawaru gifted it to you on level 2 of the Lair of Beasts)
 24441 | Lair:2   | Found a staircase to the Shoals.
 27292 | Lair:4   | Received a gift from Okawaru
 27436 | Lair:4   | Learned a level 2 spell: Searing Ray
 27807 | Lair:5   | Reached skill level 10 in Short Blades
 27816 | Lair:5   | Found a dark tunnel.
 27823 | Volcano  | Entered a volcano
 28067 | Volcano  | Reached skill level 13 in Shields
 28072 | Volcano  | Received a gift from Okawaru
 28073 | Volcano  | Reached XP level 15. HP: 109/115 MP: 19/29
 28122 | Volcano  | Found a radiant altar of Vehumet.
 28287 | Lair:5   | Found a staircase to the Slime Pits.
 28287 | Lair:5   | Found a viscous altar of Jiyva.
 28569 | Lair:5   | Identified a +1 pair of boots of running (You found it in a
                  | volcano)
 29086 | Lair:5   | Reached skill level 10 in Hexes
 29121 | Lair:6   | Entered Level 6 of the Lair of Beasts
 29259 | Lair:6   | Got a dazzling war axe
 29260 | Lair:6   | Identified the +9 war axe "Killer Klown's Bane" {freeze,
                  | Dex+4} (You found it on level 6 of the Lair of Beasts)
 29303 | Lair:6   | Found a runed translucent door.
 29338 | Lair:6   | Reached skill level 10 in Fighting
 29338 | Lair:6   | Reached skill level 10 in Long Blades
 29338 | Lair:6   | Reached skill level 10 in Axes
 29338 | Lair:6   | Reached skill level 10 in Maces & Flails
 29338 | Lair:6   | Reached skill level 10 in Polearms
 29338 | Lair:6   | Reached skill level 10 in Staves
 29338 | Lair:6   | Reached skill level 10 in Slings
 29338 | Lair:6   | Reached skill level 10 in Bows
 29338 | Lair:6   | Reached skill level 10 in Crossbows
 29338 | Lair:6   | Reached skill level 10 in Throwing
 29338 | Lair:6   | Reached skill level 10 in Armour
 29338 | Lair:6   | Reached skill level 10 in Unarmed Combat
 29338 | Lair:6   | Reached skill level 10 in Evocations
 29352 | Lair:6   | Received a gift from Okawaru
 29437 | Lair:6   | Got a scorched short sword {god gift}
 29466 | Lair:6   | Identified the +7 short sword "Axkuz" {vorpal, rElec rF-
                  | Str+7} (Okawaru gifted it to you on level 6 of the Lair of
                  | Beasts)
 29962 | Lair:6   | Received a gift from Okawaru
 31890 | D:13     | Found Urhumm's Weapon Shoppe.
 31960 | D:13     | Found Xammoi's Magic Scroll Shop.
 31980 | D:13     | Reached skill level 14 in Shields
 31993 | D:13     | Bought a scroll of enchant armour for 112 gold pieces
 31993 | D:13     | Bought a scroll of teleportation for 45 gold pieces
 31993 | D:13     | Bought a scroll of summoning for 142 gold pieces
 32006 | D:13     | Reached XP level 16. HP: 119/123 MP: 22/31
 32244 | D:13     | Killed by mirror damage

Illustrated notes

Levels and vault maps discovered:
D:1:      erik_arrival_blinker_ship, layout_basic
D:2:      layout_loops_ring, lemuel_zombie_altar_kikubaaqudgha,
          nicolae_overflow_crystal_walls, st_stairs_1, minmay_crystal_water
D:3:      layout_rooms
D:4:      layout_basic, general_overflow_altar, lemuel_doored_altar,
          serial_shops, nicolae_shop_statue_plus, shop,
          gammafunk_ghost_gnarly_gnolls, doesnt_xom_only_xom
D:5:      layout_basic, grunt_temple_overflow_open, fiery_altar_vehumet,
          gup_sewer_entry_bowl
D:6:      layout_basic, minmay_temple_entry_butterflies, uniq_blork_the_orc,
          uniq_maggie, uniq_duvessa
D:7:      layout_rooms, okawaru_humans, basic_altar
D:8:      layout_rooms, serial_shops, shop_fountains, uniq_erica, uniq_grum
D:9:      layout_rooms, grunt_temple_overflow_champion_of_chaos,
          kennysheep_mini, uniq_psyche
D:10:     layout_roguey, grunt_lair_entry_orc_guard_hut, minmay_door_square
D:11:     layout_cave_pools, introduction_to_nature_1
D:12:     layout_irregular_city, orc_0_dummy, nicolae_dithmenos_shadow_blocks
D:13:     kennysheep_kobold_grotto, layout_cave_pools, serial_shops, shop,
          shop_statue, shop, eino_house_with_fridge
Temple:   zaba_magenta_temple
Lair:1:   lemuel_reptile_caves, layout_hall_layers, basic_altar,
          patterned_corridor, uniq_sonja
Lair:2:   regret_index_harrowing_hell_hive, layout_gridlike, shoals_dummy_entry,
          minmay_snake_entry_guardpost_small, pond, grunt_megastairs_2,
          serial_bayou_shore_a
Lair:3:   layout_cave_pods, serial_bayou_shore_b
Lair:4:   layout_roguey, grunt_megastairs_5
Lair:5:   beast_lair_carwin_large_4, layout_cave_pods, slime_altar_1,
          nicolae_volcano_entry_two_sided, hibernation_bobbens
Lair:6:   hangedman_lair_caniforms_friends, layout_small_grid, wormcave,
          infiniplex_staircase_pool, minmay_lair_oklob_chamber, uniq_urug
Orc:1:    layout_caves
Orc:2:    st_orc_pillars, layout_caves, uniq_maurice

Skill      XL: |  1  2  3  4  5  6  7  8  9 10 11 12 13 14 15 |
---------------+----------------------------------------------+-----
Spellcasting   | 5 6 7 8 9 10 11 | 11.5
Stealth        | 6 7 8 9 10 11 | 11.9
Invocations    | 1 2 3 4 5 6 7 8 9 10 11 | 11.3
Fighting       | 1 2 3 4 5 6 7 8 9 10 | 10.5
Long Blades    | 1 2 3 4 5 6 7 8 9 10 | 10.5
Axes           | 1 2 3 4 5 6 7 8 9 10 | 10.5
Maces & Flails | 1 2 3 4 5 6 7 8 9 10 | 10.5
Polearms       | 1 2 3 4 5 6 7 8 9 10 | 10.5
Staves         | 1 2 3 4 5 6 7 8 9 10 | 10.5
Slings         | 1 2 3 4 5 6 7 8 9 10 | 10.5
Bows           | 1 2 3 4 5 6 7 8 9 10 | 10.5
Crossbows      | 1 2 3 4 5 6 7 8 9 10 | 10.5
Throwing       | 1 2 3 4 5 6 7 8 9 10 | 10.5
Armour         | 1 2 3 4 5 6 7 8 9 10 | 10.5
Shields        | 1 2 3 4 6 7 9 10 11 13 14 | 14.0
Unarmed Combat | 1 2 3 4 5 6 7 8 9 10 | 10.5
Evocations     | 1 2 3 4 5 6 7 8 9 10 | 10.5
Conjurations   | 1 2 3 4 5 6 7 8 |  8.9
Summonings     | 1 2 3 4 5 6 7 8 |  8.9
Necromancy     | 1 2 3 4 5 6 7 8 |  8.9
Translocations | 1 2 3 4 5 6 7 8 |  8.9
Transmutations | 1 2 3 4 5 6 7 8 |  8.9
Fire Magic     | 1 2 3 4 5 6 7 8 |  8.9
Ice Magic      | 1 2 3 4 5 6 7 8 |  8.9
Air Magic      | 1 2 3 4 5 6 7 8 |  8.9
Earth Magic    | 1 2 3 4 5 6 7 8 |  8.9
Poison Magic   | 1 2 3 4 5 6 7 8 |  8.9
Short Blades   | 3 4 5 6 7 8 9 10 | 10.8
Dodging        | 5 6 7 8 9 10 11 | 11.3
Hexes          | 6 7 8 9 10 | 10.4

Action                   |  1- 3 |  4- 6 |  7- 9 | 10-12 | 13-15 | 16-18 || total
-------------------------+-------+-------+-------+-------+-------+-------++-------
Melee: Dagger            |    98 |   147 |   240 |   835 |   302 |       ||  1622
       Bite              |     5 |    34 |    40 |   116 |   224 |    15 ||   434
       Short sword       |       |   142 |   109 |       |   621 |     8 ||   880
       Punch             |       |     2 |     2 |    22 |       |       ||    26
       Demon trident     |       |       |       |    26 |   311 |       ||   337
       War axe           |       |       |       |       |   256 |    79 ||   335
Throw: Dart              |     1 |       |    11 |    11 |     6 |       ||    29
 Cast: Corona            |     4 |       |       |       |       |       ||     4
       Ensorcelled Hiber |    26 |    47 |    58 |    96 |   247 |     1 ||   475
       Dazzling Flash    |       |     6 |    11 |    12 |    40 |       ||    69
       Sticky Flame      |       |       |     3 |     3 |     1 |       ||     7
       Tukima's Dance    |       |       |     4 |     7 |    17 |       ||    28
       Confusing Touch   |       |       |       |    38 |    10 |     8 ||    56
       Frozen Ramparts   |       |       |       |    16 |     6 |       ||    22
       Fireball          |       |       |       |     8 |    32 |       ||    40
       Ozocubu's Armour  |       |       |       |     4 |    16 |     2 ||    22
       Searing Ray       |       |       |       |       |     4 |       ||     4
Invok: Heroism           |       |       |       |     2 |     6 |       ||     8
       Finesse           |       |       |       |     1 |       |       ||     1
Evoke: Wand              |       |       |       |    11 |     7 |     1 ||    19
  Use: Potion            |       |     6 |     1 |     4 |     5 |       ||    16
       Scroll            |       |     6 |     7 |     8 |    21 |       ||    42
 Stab: Sleeping          |    24 |    35 |    31 |    54 |   131 |     2 ||   277
       Invisible         |       |     2 |     5 |     4 |    24 |       ||    35
       Confused          |       |       |       |    39 |    10 |    10 ||    59
       Paralysed         |       |       |       |     2 |     3 |       ||     5
       Distracted        |       |       |       |     1 |     7 |       ||     8
Armor: Robe              |     4 |       |       |       |       |       ||     4
       Leather armour    |    23 |    94 |    82 |       |       |       ||   199
       Acid dragon scale |       |       |    35 |   211 |    23 |    14 ||   283
       Troll leather arm |       |       |       |    44 |   348 |       ||   392
       Animal skin       |       |       |       |       |    20 |       ||    20
Dodge: Dodged            |    70 |   273 |   349 |   696 |  1561 |    70 ||  3019
Block: Buckler           |       |       |       |    85 |   833 |    35 ||   953

Table legend: (Time is in decaauts)
 A = Elapsed time spent in this place.
 B = Non-inter-level travel time spent in this place.
 C = Inter-level travel time spent in this place.
 D = Time resting spent in this place.
 E = Time spent auto-exploring this place.
 F = Levels seen in this place.
 G = Mean time per level.
                   A        B        C        D        E       F      G
               +--------+--------+--------+--------+--------+-----+--------+
         Total |  31572 |  30539 |   1033 |   7746 |  11215 |  24 | 1315.5 |
       Dungeon |  18179 |  17446 |    733 |   4412 |   6685 |  13 | 1398.4 |
        Temple |    161 |    161 |      0 |      0 |     54 |   1 |  161.0 |
          Lair |   8570 |   8341 |    229 |   1460 |   3783 |   6 | 1428.3 |
  Orcish Mines |   4102 |   4032 |     70 |   1838 |    679 |   2 | 2051.0 |
         Sewer |    231 |    231 |      0 |     36 |      4 |   1 |  231.0 |
       Volcano |    327 |    327 |      0 |      0 |     10 |   1 |  327.0 |
               +--------+--------+--------+--------+--------+-----+--------+

Top non-repeatable levels by time:
  Lair:6: 2523 daAuts
   Orc:2: 2439 daAuts
  Lair:2: 2277 daAuts
     D:6: 2249 daAuts
    D:11: 1848 daAuts
     D:1: 1690 daAuts
   Orc:1: 1662 daAuts
    D:12: 1553 daAuts
     D:5: 1551 daAuts
     D:4: 1541 daAuts
    D:10: 1479 daAuts
     D:7: 1306 daAuts
     D:9: 1271 daAuts
  Lair:1: 1196 daAuts
     D:2: 1147 daAuts
